 Dungeon Sprint DCSS version 0.31-a0-965-g8a8ce12e04 (webtiles) character file.

Game seed: 2433962994149294600

3715 rocky1 the Imperceptible (level 10, -4/66 HPs)
             Began as a Gargoyle Brigand on Oct 27, 2023.
             Was an Initiate of Gozag.
             Slain by an unseen horror (9 damage)
             ... in the Dungeon (Sprint I: "Red Sonja").
             The game lasted 00:03:54 (1032 turns).

rocky1 the Imperceptible (Gargoyle Brigand)         Turns: 1032, Time: 00:03:54

Health: -4/66      AC: 10    Str: 17    XL:     10   Next: 14%
Magic:  10/10      EV: 13    Int: 12    God:    Gozag
Gold:   1375       SH:  0    Dex: 13    Spells: 9/9 levels left

rFire   . . .        m - +0 short sword (venom)
rCold   . . .        (no shield)
rNeg    + . .        b - +0 robe
rPois   ∞            (no helmet)
rElec   +            c - +0 cloak
rCorr   .            (no gloves)
SInv    .            (no boots)
Will    .....        (no amulet)
Stlth   ++++++++     (no ring)
HPRegen 0.31/turn    (no ring)
MPRegen 0.12/turn

%: no teleportation
@: no status effects
A: sickness immunity, AC +7, negative energy resistance 1, electricity
resistance, torment resistance 1, petrification resistance
a: Renounce Religion, Potion Petition, Call Merchant, Bribe Branch


You were in the Dungeon.
You worshipped Gozag.
Gozag was most pleased with you.
You visited 1 branch You collected 1765 gold pieces.
You paid 390 gold pieces to Gozag.

Inventory:

Hand Weapons
 a - a +2 dagger
 m - a +0 short sword of venom (weapon)
Missiles
 d - 9 poisoned darts
 e - 5 curare-tipped darts (quivered)
Armour
 b - a +0 robe (worn)
 c - a +0 cloak (worn)
 g - the -2 helmet of Duynipla {+Blink Will+}
   (You found it in the Dungeon)

   Will+:     It increases your willpower.
   +Blink:    It lets you blink.
Wands
 l - a wand of polymorph (8)
Scrolls
 k - a scroll of blinking
 n - a scroll of acquirement {unknown}
 p - a scroll of fog {unknown}
 r - a scroll of enchant armour {unknown}
Potions
 f - 3 potions of curing
 h - a potion of haste
 i - 2 potions of magic
 o - a potion of invisibility {unknown}
 q - a potion of brilliance {unknown}


   Skills:
 + Level 9.0 Fighting
 + Level 7.5 Short Blades
 - Level 1.7 Throwing
 + Level 4.6 Dodging
 + Level 22.5 Stealth


You had 9 spell levels left.
You didn't know any spells.
Your spell library was empty.

Dungeon Overview and Level Annotations

Branches:
Dungeon (1/1)

Altars:
Cheibriados
Dithmenos
Elyvilon
Fedhas
Gozag
Hepliaklqana
Kikubaaqudgha
Makhleb
Nemelex Xobeh
Okawaru
Qazlal
Ru
Sif Muna
Trog
Uskayaw
Vehumet
Wu Jian
Xom
Yredelemnul
Zin
The Shining One
Jiyva
Lugonu

Shops:
D (*[


Innate Abilities, Weirdness & Mutations

You are immune to sickness and miasma.
Your stone body is resilient. (AC +7)
You are immune to poison.
You resist negative energy. (rN+)
You are resistant to electric shocks. (rElec)
You are resistant to unholy torment.
You are immune to petrification.


Message History

You closely miss something. Something hits you. Something barely misses you.
Something hits you but does no damage.
You hit something but do no damage. Something hits you.
You barely miss something. Something hits you! Something hits you.
Something hits you but does no damage. x2; Something hits you!
Something hits you but does no damage. x2
Something hits you. Something hits you but does no damage. Something hits you!
Something barely misses you. Something hits you but does no damage.
Something hits you. Something hits you but does no damage. Something hits you.
Something hits you but does no damage. x2; Something hits you.
Something hits you but does no damage. Something barely misses you.
Something hits you but does no damage.
There is an open door here.
You closely miss something. Something hits you!
* * * LOW HITPOINT WARNING * * *
You hit something. Something hits you.
* * * LOW HITPOINT WARNING * * *
You hit something. Something hits you but does no damage.
Okay, then. [a] - 576 gold - resistance, might and haste [b] - 315 gold - haste and heal wounds [c] - 390 gold - heal wounds and magic Purchase which effect?
You feel much better. Magic courses through your body. Something hits you. x2
Unknown command.
You closely miss something. You miss something.
Something hits you but does no damage. Something hits you!
* * * LOW HITPOINT WARNING * * *
Something hits you.
* * * LOW HITPOINT WARNING * * *
Something hits you but does no damage. Something hits you.
* * * LOW HITPOINT WARNING * * *
Something hits you.
* * * LOW HITPOINT WARNING * * *
There is an open door here.
Something hits you!
You die...
Your body crumbles into a pile of gold.

__##'#_.+~~~§§§§.#
...'..._#~§§.§#§§#
__##_.#'##'#####'###
__###'#)#§.§.###.'.#
#####.####'###.###.#
...'...'.....'.∩##.#
####...###########.#
###.###.....§{##§#
#.#'#.#....§.{@§§#
#.....#+++######§#
#.....# #§# #######
+§# ###


There were no monsters in sight!

Vanquished Creatures
  2 centaur warriors (D)
  Sonja (D)
  A deep troll (D)
  An oklob plant (D)
  A hornet (D)
  A slime creature (D)
  Sigmund (D)
  A yak (D)
  2 redbacks (D)
  An ogre (D)
  A jelly (D)
  Ijyb (D)
  A ballistomycete spore (D)
15 creatures vanquished.

Vanquished Creatures (others)
  A ballistomycete spore (D)
1 creature vanquished.

Grand Total: 16 creatures vanquished

Notes
Turn   | Place    | Note
-------+----------+-------------------------------------------
     0 | D        | rocky1 the Gargoyle Brigand began the quest for the Orb.
     0 | D        | Reached XP level 1. HP: 12/12 MP: 1/1
     2 | D        | Noticed Ijyb
    17 | D        | Killed Ijyb
    18 | D        | Reached skill level 1 in Dodging
    18 | D        | Reached skill level 7 in Stealth
    18 | D        | Reached XP level 2. HP: 5/18 MP: 2/2
    18 | D        | Reached XP level 3. HP: 6/22 MP: 3/3
   389 | D        | Noticed an ogre
   392 | D        | Killed an ogre
   393 | D        | Reached skill level 10 in Stealth
   393 | D        | Reached XP level 4. HP: 29/29 MP: 4/4
   404 | D        | Noticed Sigmund
   407 | D        | Killed Sigmund
   408 | D        | Reached skill level 13 in Stealth
   408 | D        | Reached XP level 5. HP: 34/34 MP: 5/5
   408 | D        | Reached XP level 6. HP: 39/39 MP: 6/6
   443 | D        | Found an ornate altar of the Wu Jian Council.
   443 | D        | Found a shimmering blue altar of Sif Muna.
   445 | D        | Found a radiant altar of Vehumet.
   452 | D        | Found Woxalut's Assorted Antiques.
   452 | D        | Found an ancient bone altar of Kikubaaqudgha.
   452 | D        | Found a hazy altar of Hepliaklqana.
   452 | D        | Found a stormy altar of Qazlal.
   452 | D        | Found a hide-covered altar of Uskayaw.
   452 | D        | Found a blossoming altar of Fedhas.
   452 | D        | Found a bloodstained altar of Trog.
   452 | D        | Found an iron altar of Okawaru.
   452 | D        | Found a basalt altar of Yredelemnul.
   452 | D        | Found a glowing golden altar of the Shining One.
   452 | D        | Found a snail-covered altar of Cheibriados.
   452 | D        | Found a sacrificial altar of Ru.
   452 | D        | Found a glowing silver altar of Zin.
   452 | D        | Found a shadowy altar of Dithmenos.
   452 | D        | Found a white marble altar of Elyvilon.
   452 | D        | Noticed a yak
   453 | D        | Found an opulent altar of Gozag.
   454 | D        | Killed a yak
   455 | D        | Reached skill level 5 in Fighting
   455 | D        | Reached skill level 15 in Stealth
   455 | D        | Reached XP level 7. HP: 44/44 MP: 7/7
   455 | D        | Found a sparkling altar of Nemelex Xobeh.
   460 | D        | Became a worshipper of Gozag Ym Sagoz the Greedy
   507 | D        | Found a burning altar of Makhleb.
   507 | D        | Found a viscous altar of Jiyva.
   507 | D        | Found a shimmering altar of Xom.
   507 | D        | Found a corrupted altar of Lugonu.
   507 | D        | Noticed a slime creature
   510 | D        | Killed a slime creature
   511 | D        | Reached skill level 16 in Stealth
   526 | D        | Noticed Sonja
   530 | D        | Killed Sonja
   531 | D        | Reached skill level 5 in Short Blades
   531 | D        | Reached skill level 18 in Stealth
   531 | D        | Reached XP level 8. HP: 52/52 MP: 8/8
   586 | D        | Found Kuiqys's Weapon Boutique.
   606 | D        | Noticed a deep troll
   610 | D        | Killed a deep troll
   611 | D        | Reached skill level 20 in Stealth
   611 | D        | Reached XP level 9. HP: 57/57 MP: 9/9
   617 | D        | Found Jeihiod's Armour Emporium.
   655 | D        | Noticed a centaur warrior
   656 | D        | Noticed a centaur warrior
   673 | D        | Killed a centaur warrior
   681 | D        | Killed a centaur warrior
   682 | D        | Reached skill level 21 in Stealth
   691 | D        | Identified the -2 helmet of Duynipla {+Blink Will+}
   953 | D        | Noticed a hornet
   956 | D        | Killed a hornet
   968 | D        | Noticed an oklob plant
   970 | D        | Killed an oklob plant
   971 | D        | Reached skill level 22 in Stealth
   971 | D        | Reached XP level 10. HP: 65/65 MP: 10/10
  1032 | D        | Slain by an unseen horror

Illustrated notes

Levels and vault maps discovered:
D:        dungeon_sprint_1 [red_sonja_temple_1, red_sonja_temple_small_1]

Skill      XL: |  1  2  3  4  5  6  7  8  9 10 |
---------------+-------------------------------+-----
Short Blades   | 2 3 4 5 6 7 |  7.5
Dodging        | 1 2 3 4 |  4.6
Stealth        | 7 10 13 15 18 20 22 | 22.5
Fighting       | 3 4 5 6 7 8 9 |  9.0
Throwing       | |  1.7

Action                     |  1- 3 |  4- 6 |  7- 9 | 10-12 || total
---------------------------+-------+-------+-------+-------++-------
  Melee: Dagger            |    10 |     3 |     2 |       ||    15
         Unarmed           |     4 |       |       |       ||     4
         Short sword       |       |       |    22 |    10 ||    32
         Punch             |       |       |     1 |       ||     1
  Throw: Dart              |     2 |       |     2 |       ||     4
 Invoke: Potion Petition   |       |       |       |     1 ||     1
    Use: Potion            |       |       |     2 |       ||     2
   Stab: Sleeping          |     1 |     3 |     5 |     2 ||    11
 Armour: Robe              |     4 |       |    42 |    35 ||    81
         Skin              |     2 |       |       |       ||     2
  Dodge: Dodged            |     1 |       |    12 |     3 ||    16

Table legend: (Time is in decaauts)
 A = Elapsed time spent in this place.
 B = Non-inter-level travel time spent in this place.
 C = Inter-level travel time spent in this place.
 D = Time resting spent in this place.
 E = Time spent auto-exploring this place.
 F = Levels seen in this place.
 G = Mean time per level.
                   A        B        C        D        E       F      G
               +--------+--------+--------+--------+--------+-----+--------+
         Total |   1028 |   1028 |      0 |    622 |      0 |   1 | 1028.0 |
       Dungeon |   1028 |   1028 |      0 |    622 |      0 |   1 | 1028.0 |
               +--------+--------+--------+--------+--------+-----+--------+

Top non-repeatable levels by time:
       D: 1028 daAuts
